 Dungeon Crawl Stone Soup version 0.14-a0-2848-g1d0399b (webtiles) character file.

261 JEFFREY the Cudgeler (level 5, -3/32 HPs)
             Began as a Gargoyle Fighter on Feb 27, 2014.
             Was an Initiate of Dithmenos.
             Killed by divine providence
             ... invoked by an orc priest
              (13 damage)
             ... on Level 3 of the Dungeon.
             The game lasted 00:09:56 (1911 turns).

JEFFREY the Cudgeler (Gargoyle Fighter)             Turns: 1911, Time: 00:09:57

HP  -3/32        AC 16     Str 20      XL: 5   Next: 59%
MP  14/14        EV  6     Int  9      God: Dithmenos [......]
Gold 82          SH 20     Dex  9      Spells:  0 memorised,  4 levels left

rFire  . . .     SeeInvis .     y - +0 flail
rCold  . . .     Clarity  .     h - +0 scale mail
rNeg   + . .     Conserve .     c - +2 shield
rPois  +         rCorr    .     (no helmet)
rElec  +         rRot     +     (no cloak)
SustAb . .       Spirit   .     B - +2 pair of orc gloves
rMut   .         Warding  .     C - +1 pair of orc boots
Gourm  +         Stasis   .     i - amulet of the gourmand
MR     .....                    x - ring of regeneration
                                m - ring of magical power

@: not resistant to hostile enchantments, extremely unstealthy
A: life protection 1, electricity resistance, unbreathing, petrification
resistance, AC +4
a: Renounce Religion


You were on level 3 of the Dungeon.
You worshipped Dithmenos.
Dithmenos was noncommittal.
You were completely stuffed.

You visited 1 branch of the dungeon, and saw 3 of its levels.

You collected 82 gold pieces.

Inventory:

Hand weapons
 a - a +0,+0 mace
 y - a +0,+0 flail (weapon)
Armour
 c - a +2 shield (worn)
 h - a +0 scale mail (worn)
 B - a +2 pair of orcish gloves (worn)
 C - a +1 pair of orcish boots (worn)
Comestibles
 d - 3 bread rations
 k - 2 chokos
 t - a meat ration
 u - 3 chunks of gnoll flesh
 A - a lychee
Scrolls
 g - 2 scrolls of teleportation
 l - a scroll of amnesia {unknown}
 r - a scroll of noise {unknown}
 D - a scroll of remove curse
Jewellery
 i - an amulet of the gourmand (around neck)
 m - a ring of magical power (left hand)
 x - a ring of regeneration (right hand)
Potions
 b - 2 potions of restore abilities {unknown}
 e - a potion of blood
 f - 2 potions of curing {unknown}
 j - a potion of flight {unknown}
 n - a potion of degeneration {unknown}
 o - a potion of speed {unknown}
 p - a potion of invisibility {unknown}
 q - a potion of agility {unknown}
 s - 2 potions of might {unknown}
 v - a potion of heal wounds {unknown}
 z - a potion of brilliance {unknown}
Books
 w - a book of Geomancy

   Spells                             Type                      Level
   Sandblast                          Earth                        1
   Stoneskin                          Transmutation/Earth          2
   Passwall                           Transmutation/Earth          3
   Stone Arrow                        Conjuration/Earth            3
   Petrify                            Transmutation/Earth          4
   Lee's Rapid Deconstruction         Earth                        5


   Skills:
 + Level 3.6 Fighting
 + Level 5.4 Maces & Flails
 + Level 3.5 Armour
 + Level 3.8 Shields


You had 4 spell levels left.
You didn't know any spells.

Dungeon Overview and Level Annotations

Branches:
Dungeon (3/16)

Altars:
Dithmenos
Elyvilon
Fedhas
Kikubaaqudgha
Nemelex Xobeh
Xom
Zin


Innate Abilities, Weirdness & Mutations

You are resistant to torment.
You are immune to poison.
Your stone body is very resilient (AC +4).
You resist negative energy.
You are resistant to electric shocks.
You can survive without breathing.
You are immune to petrification.


Message History

The orc moves out of view.
Found two items.
A kobold comes into view.
The kobold shouts!
You block the orc's attack.
You hit the orc.
The orc is heavily wounded.
The orc hits you with a short sword.
The orc priest calls down the wrath of Beogh upon you.
Something smites you!
You barely miss the orc.
The orc is heavily wounded.
You block the orc's attack. The orc hits you but does no damage.
You barely miss the orc.
The orc is heavily wounded.
The orc priest calls down the wrath of Beogh upon you.
Something smites you!
The orc priest invokes the aid of Beogh against you.
Something smites you!
You die...

##### .?.... ############
# ....... #..........# #
....... #.......<..# ##
.......##..........# ...#
......o.#...........#
##...
......ooo@..........# # #.
...=..K.##..........#
...$... #..........# #
....?.. #....%.....# #
####### #####%###### ##
#.### .########## #...#
.'........### ####'##
.########...########.....#


You could see an orc priest, 3 orcs and a kobold.

Vanquished Creatures
  A crimson imp (D:3)
  2 adders
  3 gnolls (D:3)
  2 giant mites
  A worm (D:3)
  An inept feature mimic (D:2)
  2 giant geckos
  An ooze (D:2)
  4 orcs (D:3)
  9 bats
  11 goblins
  15 hobgoblins
  2 jackals (D:1)
  8 kobolds
  A quokka (D:2)
  2 giant cockroaches
  A giant newt (D:3)
  5 rats
71 creatures vanquished.

Notes
Turn   | Place    | Note
--------------------------------------------------------------
     0 | D:1      | JEFFREY, the Gargoyle Fighter, began the quest for the Orb.
     0 | D:1      | Reached XP level 1. HP: 14/14 MP: 1/1
   129 | D:1      | Reached XP level 2. HP: 16/19 MP: 2/2
   255 | D:1      | Reached XP level 3. HP: 18/23 MP: 3/3
   391 | D:1      | Reached skill level 4 in Maces & Flails
   906 | D:2      | Reached XP level 4. HP: 26/28 MP: 4/4
   919 | D:2      | Found a blossoming altar of Fedhas.
  1372 | D:3      | Reached skill level 5 in Maces & Flails
  1436 | D:3      | Found an ancient bone altar of Kikubaaqudgha.
  1436 | D:3      | Found a glowing silver altar of Zin.
  1437 | D:3      | Found a shadowy altar of Dithmenos.
  1486 | D:3      | Found a shimmering altar of Xom.
  1501 | D:3      | Became a worshipper of Dithmenos
  1578 | D:3      | Found a sparkling altar of Nemelex Xobeh.
  1605 | D:3      | Reached XP level 5. HP: 32/32 MP: 5/5
  1729 | D:3      | Found a white marble altar of Elyvilon.
  1911 | D:3      | Killed from afar by an orc priest

Action                   |  1- 3 |  4- 6 || total
-------------------------+-------+-------++-------
Melee: Mace              |   120 |    28 ||   148
       Whip              |       |   140 ||   140
       Flail             |       |    48 ||    48
  Use: Scroll            |       |     7 ||     7
